 Dungeon Crawl Stone Soup version 0.29.1-1-gd02db6906a (webtiles) character file.

Game seed: 11874359589973648196

1 Icepheonix32 the Caller (level 1, 0/13 HPs)
             Began as a Merfolk Summoner on Oct 9, 2022.
             Slain by a quokka (5 damage)
             ... on level 1 of the Dungeon.
             The game lasted 00:00:07 (22 turns).

Icepheonix32 the Caller (Merfolk Summoner)            Turns: 22, Time: 00:00:07

Health: 0/13       AC:  2    Str:  8    XL:     1   Next: 20%
Magic:  1/3        EV: 12    Int: 14    God:
Gold:   0          SH:  0    Dex: 14    Spells: 3/4 levels left

rFire   . . .      SeeInvis .   (no weapon)
rCold   . . .      Faith    .   (no shield)
rNeg    . . .      Spirit   .   a - +0 robe
rPois   .          Reflect  .   (no helmet)
rElec   .          Harm     .   (no cloak)
rCorr   .          Rampage  .   (no gloves)
Will    .....                   (no boots)
Stlth   ++........              (no amulet)
HPRegen 0.04/turn               (no ring)
MPRegen 0.08/turn               (no ring)

@: no status effects
A: (nimble swimmer 2), mertail
a: no special abilities


You were on level 1 of the Dungeon.
You visited 1 branch of the dungeon, and saw 1 of its levels.

Inventory:

Armour
 a - a +0 robe (worn)
Potions
 b - a potion of magic
 c - a potion of haste {unknown}


   Skills:
 - Level 2.6 Dodging
 - Level 2.1 Stealth
 - Level 2.0 Spellcasting
 + Level 4.0 Summonings


You had 3 spell levels left.
You knew the following spells:

 Your Spells              Type           Power      Damage    Failure   Level
a - Summon Small Mammal   Summ           48%        N/A       4%          1

Your spell library contained the following spells:

 Spells                   Type           Power      Damage    Failure   Level
 Call Imp                 Summ           12%        N/A       7%          2
 Call Canine Familiar     Summ           12%        N/A       14%         3
 Summon Guardian Golem    Hex/Summ       7%         N/A       30%         3
 Summon Lightning Spire   Summ/Air       7%         N/A       71%         4


Dungeon Overview and Level Annotations

Branches:
Dungeon (1/15)

Altars:


Innate Abilities, Weirdness & Mutations

((You are very nimble when in or above water. (Stealth+, EV+, Speed+++)))
Your lower body shifts to a powerful aquatic tail in water.


Message History

Press ? for a list of commands and other information.
Found a staircase leading out of the dungeon.
Found a dagger.
Found a stone staircase leading down.
c - a smoky coppery potion A hobgoblin, a kobold and a quokka come into view.
Your bat hits the hobgoblin but does no damage.
The hobgoblin misses you.
Your bat closely misses the hobgoblin.
You swap places.
Your bat hits the hobgoblin. The quokka closely misses your bat.
The hobgoblin hits your rat.
Your rat bites the hobgoblin.
Your bat barely misses the hobgoblin.
Your rat closely misses the hobgoblin.
You closely miss the hobgoblin.
The hobgoblin is heavily wounded.
The quokka bites you.
Your rat bites the hobgoblin.
The hobgoblin barely misses you.
You barely miss the hobgoblin.
The hobgoblin is severely wounded.
Your bat hits the hobgoblin. The quokka bites you.
The hobgoblin closely misses you.
Your rat bites the hobgoblin.
The hobgoblin dies!
Your rat bites the quokka but does no damage.
Your bat hits the quokka. You closely miss the quokka.
The quokka is moderately wounded.
The kobold shouts!
Your bat hits the quokka. The quokka closely misses you.
Your rat closely misses the quokka.
You barely miss the quokka.
The quokka is heavily wounded.
Your bat barely misses the quokka.
The quokka bites you.
Your rat misses the quokka. The quokka bites you.
You hit the quokka.
The quokka is severely wounded.
The quokka barely misses you.
Your rat bites the quokka.
Your bat hits the quokka but does no damage.
You completely miss the quokka.
The quokka is almost dead.
Your bat barely misses the quokka.
The quokka bites you.
You die...

...## ... .##########
#####.. .)..>.$....###
....... ......... ..#
.......
##...........##
.......##.....# .....
....K..#.....## .....
.......r@...#####.....
........r..#.....#
.....$b...###...##
.........#####.#####..
........#...........#
#......###....<....##
#.....# ##.......##
.....# ....#.....#....
..^# ...###...###...


You could see a quokka (ally target), a kobold, a friendly bat (summoned) and a
friendly rat (summoned).

Vanquished Creatures (collateral kills)
  A hobgoblin (D:1)
1 creature vanquished.

Notes
Turn   | Place    | Note
-------+----------+-------------------------------------------
     0 | D:1      | Icepheonix32 the Merfolk Summoner began the quest for the
                  | Orb.
     0 | D:1      | Reached XP level 1. HP: 13/13 MP: 3/3
    22 | D:1      | Slain by a quokka

Illustrated notes

Levels and vault maps discovered:
D:1:      onia_arrival_pyramid, layout_rooms,
          hellmonk_ecumenical_altar_the_god_not_taken

Action                   || total
-------------------------++-------
Melee: Unarmed           ||     6
 Cast: Summon Small Mamm ||     2
Dodge: Dodged            ||     5
